 BcadrenCrawl: Boulder Brew version 0.06-249-g3c0b566573 (webtiles) character file.

Game seed: 4109731652287142091, levelgen mode: deterministic

191 gruber the Magician (level 5, -1/28 HPs) Deep Elf Venom Mage. Began on Aug 17, 2022. Slain by a cinder newt (4 damage) ... on level 2 of the Dungeon. The game lasted 00:04:04 (880 turns).

gruber the Magician (Deep Elf Venom Mage)            Turns: 880, Time: 00:04:05

Health: -1/28      AC:  2    Str:  5    XL:     5 ^: 106
Magic:  3/15       EV: 12    Int: 21    God:
Gold:   116        SH:  0    Dex: 20    Spells: 3/16 levels left

rFire    . . .     Slash    x   (no weapon)
rCold    . . .     Pierce   .   (no weapon)
rNeg     . . .     Bludgeon .   a - +0 robe
rCorr    . . .     Vision   .   (no helmet)
rPois    .         Gourm    .   (no cloak)
rElec    .         Faith    .   (no gloves)
MR       .....     Spirit   .   (no boots)
HPRegen  0.19/turn Reflect  .   (no amulet)
MPRegen  0.25/turn Harm     .   f - ring of dexterity
Stlth    ++........             (no ring)

@: lethally poisoned (-1 -> -2), very slightly contaminated
A: soft flesh
a: no special abilities


You were on level 2 of the Dungeon.
You were not hungry.

You visited 1 branch of the dungeon, and saw 2 of its levels.

You collected 116 gold pieces.

Inventory:

Armour
 a - a +0 robe (worn)
Jewellery
 f - a ring of dexterity (left hand)
Scrolls
 d - 3 scrolls of blinking
 e - a scroll of bless item
Potions
 b - 2 potions of curing
Comestibles
 c - 4 rations


   Skills:
 - Level 1.2 Dodging
 - Level 2.5 Stealth
 - Level 6.0 Spellcasting
 + Level 0.3 Transmutations
 + Level 0.3 Fire Magic
 - Level 1.0 Air Magic
 - Level 5.0 Poison Magic


You had 3 spell levels left.
You knew the following spells:

 Your Spells              Type           Power        Failure   Level  Hunger
a - Poisonous Vapours     Pois/Air       19 (50)      2%          1    0
b - Sting                 Pois           25 (25)      1%          2    0
c - Mephitic Cloud Pois/Air 19 (100) 9% 3 0-53 d - Olgreb's Toxic Radia Pois 27 (100) 12% 4 73-173 e - Ignite Poison Fire/Tmut      7 (100)      26%         3    0-53

Your spell library contained the following spells:

 Spells                   Type           Power        Failure   Level  Hunger


Dungeon Overview and Level Annotations

Branches:
Dungeon (2/8)

Altars:
Xom


Innate Abilities, Weirdness & Mutations

Your soft flesh is weak to deep cuts.
Heavy manmade armour will nullify this weakness. (rSlashing-)


Message History

Unknown command.
You enter the shallow water.
Moving in this stuff is going to be slow.
You feel sick. (1)
The cinder newt bites you (2).
* * * LOW HITPOINT WARNING * * *
The cinder newt burns you (3).
* * * LOW HITPOINT WARNING * * *
Unknown command.
Unknown command.
Casting: Poisonous Vapours (safe; 2% risk of failure)
Confirm with . or Enter, or press ? or * to list all spells.
Aiming: Poisonous Vapours (safe; 2% risk of failure)
Press: ? - help, Dir - move target cursor, f/p - cinder newt
Aim: a cinder newt (86%, 86% to-hit, healthy (11/11), 72% (Melee)) Poisonous vapours surround the cinder newt!
The cinder newt is engulfed in poison gas (6).
The cinder newt is poisoned.
The cinder newt bites you. The cinder newt burns you (4).
You die...

#≈≈≈≈≈≈# #≈#..≈PP≈≈≈≈
#≈≈≈≈§≈# ###≈###PP≈≈≈≈≈
#≈≈≈≈≈≈##### #≈≈†≈##P≈≈≈Z≈≈
≈#.≈≈≈†≈#≈..####...##≈P≈≈≈≈P
#≈..≈≈≈≈#≈##≈≈#....≈..≈≈≈≈≈P
≈#.≈≈≈≈≈.#####...##....<≈≈P≈
#.≈≈≈≈≈#§<≈†###≈≈##..≈.≈P..
≈.≈≈≈≈≈≈#.l....####≈#≈≈≈ZPP≈
##.≈≈≈≈≈##.@....≈...#≈;≈P≈≈P
...≈≈≈≈≈###.....†.≈≈≈≈≈≈≈≈PP
#≈.≈†≈≈.. ##≈.†≈.####≈≈≈≈≈≈P
....≈≈≈.. #≈##### #≈≈≈≈≈≈P
.≈.≈≈≈. ### #.≈≈≈≈≈P ...≈≈≈P
...


You could see a cinder newt.

Vanquished Creatures
  6 giant cockroaches
  2 adders (D:2)
  2 gnolls (D:1)
  5 cinder newts (D:1)
  A dart slug (D:1)
  3 leopard geckos
  A ball python (D:1)
  8 bats (D:1)
  4 hobgoblins (D:1)
  4 kobolds (D:1)
  4 rats (D:1)
40 creatures vanquished.

Vanquished Creatures (others)
  9 withered plants (D:2)
9 creatures vanquished.

Grand Total: 49 creatures vanquished

Notes
Turn   | Place    | Note
-------+----------+-------------------------------------------
     0 | D:1      | gruber the Deep Elf Venom Mage began the quest for the Orb.
     0 | D:1      | Reached XP level 1. HP: 10/10 MP: 6/6
     7 | D:1      | Reached XP level 2. HP: 15/15 MP: 4/8
    57 | D:1      | Reached skill level 4 in Spellcasting
    76 | D:1      | Reached XP level 3. HP: 15/19 MP: 2/10
    96 | D:1      | Found a shimmering altar of Xom.
   269 | D:1      | Learned a level 2 spell: Sting
   273 | D:1      | Learned a level 3 spell: Mephitic Cloud
   278 | D:1      | Learned a level 4 spell: Olgreb's Toxic Radiance
   390 | D:1      | Reached XP level 4. HP: 24/24 MP: 2/12
   551 | D:1      | Reached skill level 5 in Spellcasting
   797 | D:2      | Reached XP level 5. HP: 28/28 MP: 13/15
   809 | D:2      | Reached skill level 5 in Poison Magic
   842 | D:2      | Learned a level 3 spell: Ignite Poison
   863 | D:2      | Reached skill level 6 in Spellcasting
   880 | D:2      | Slain by a cinder newt

Levels and vault maps discovered:
D:1:      dpeg_arrival_chase, layout_basic, first_ration, xom_teletrap_fun
D:2:      layout_sewer, okawaru_trees_2

Skill      XL: |  1  2  3  4  5 |
---------------+----------------+-----
Spellcasting   | 4 5 6 |  6.0
Poison Magic   | 4 5 |  5.0
Dodging        | |  1.2
Stealth        | |  2.5
Transmutations | |  0.3
Fire Magic     | |  0.3
Air Magic      | |  1.0

Action                   |  1- 3 |  4- 6 || total
-------------------------+-------+-------++-------
Melee: Unarmed           |       |     6 ||     6
 Cast: Poisonous Vapours |    32 |    48 ||    80
       Sting             |     6 |     6 ||    12
Armor: Robe              |     3 |    12 ||    15
Dodge: Dodged            |     3 |     4 ||     7
